 Dungeon Crawl Stone Soup version 0.31-a0-216-g22e908daa7 (webtiles) character file.

Game seed: 1366518227505180562

151 qw the Chopper (level 5, -1/32 HPs)
             Began as a Gargoyle Fighter on July 2, 2023.
             Slain by an ogre
             ... wielding a +0 giant club
              (26 damage)
             ... on level 4 of the Dungeon.
             The game lasted 00:01:14 (2273 turns).

qw the Chopper (Gargoyle Fighter)                   Turns: 2273, Time: 00:01:15

Health: -1/32      AC: 13    Str: 22    XL:     5   Next: 33%
Magic:  5/5        EV: 13    Int:  8    God:
Gold:   73         SH:  4    Dex:  9    Spells: 4/4 levels left

rFire   . . .        Y - +0 war axe
rCold   . . .        c - +0 buckler
rNeg    + . .        o - +0 chain mail
rPois   inf          (no helmet)
rElec   +            (no cloak)
rCorr   .            (no gloves)
SInv    .            (no boots)
Will    .....        (no amulet) Stlth
                     i - +5 ring of evasion
HPRegen 0.25/turn    (no ring)
MPRegen 0.09/turn

%: no passive effects
@: no status effects
A: sickness immunity, AC +4, negative energy resistance 1, electricity
resistance, torment resistance 1, petrification resistance
a: no special abilities


You were on level 4 of the Dungeon.
You visited 1 branch of the dungeon, and saw 4 of its levels.

You collected 271 gold pieces.
You spent 198 gold pieces at shops.


Innate Abilities, Weirdness & Mutations

You are immune to sickness and miasma.
Your stone body is resilient. (AC +4)
You are immune to poison.
You resist negative energy. (rN+)
You are resistant to electric shocks. (rElec)
You are resistant to unholy torment.
You are immune to petrification.


   Skills:
 - Level 3.2 Fighting
 + Level 4.9 Axes
 - Level 3.2 Armour
 - Level 3.2 Shields


You had 4 spell levels left.
You didn't know any spells.
Your spell library was empty.

Inventory:

Hand Weapons
 g - a +0 morningstar
 Y - a +0 war axe (weapon)
Missiles
 l - 4 boomerangs (quivered)
Armour
 c - a +0 buckler (worn)
 f - a +0 helmet
 o - a +0 chain mail (worn)
Jewellery
 i - a +5 ring of evasion (left hand)
 j - an amulet of the acrobat
Potions
 d - 4 potions of might
 e - 3 potions of magic {unknown}
 h - a potion of enlightenment
 k - a potion of curing {unknown}
 n - a potion of lignification
 q - 2 potions of attraction

Dungeon Overview and Level Annotations

Branches:
Dungeon (4/15)
 Temple: D:4-7

Altars:
Makhleb
Uskayaw

Shops:
D:2 ([(   D:3 !


Message History

The slug dart hits you.
A kobold comes into view. It is wielding a +0 whip.
You slash the dart slug!
The dart slug is severely wounded.
The dart slug barely misses you.
You slash the dart slug!
You kill the dart slug!
You throw a boomerang.
The boomerang closely misses the kobold.
You slash the kobold!
You kill the kobold!
You start resting.
An ogre comes into view. It is wielding a +0 giant club.
You throw a boomerang. The boomerang barely misses the ogre.
An endoplasm comes into view.
Items here: %%%% ).
Enter note:
Enter note:
2267 ||| Stepping ~*~*~tactically~*~*~ (stealth).
Enter note:
Enter note: You throw a boomerang.
The boomerang barely misses the ogre.
The ogre hits you with a +0 giant club!!
Ouch! That really hurt!
2269 ||| DRINKING potion of heal wounds.
You feel much better.
You hit the ogre.
The ogre is lightly wounded.
The ogre closely misses you.
You hit the ogre.
The ogre is moderately wounded.
The ogre hits you with a +0 giant club.
You barely miss the ogre.
The ogre is moderately wounded.
The ogre hits you but does no damage.
You barely miss the ogre.
The ogre is moderately wounded.
The ogre hits you with a +0 giant club!!
Ouch! That really hurt!
You die...

.# .. .# #.. ..
#.# ##. #.[ ..
#!####.#
...##...O.#
......J.@.#
..####)### #.#
#.# #### #.# ##.#
#...##.# #.##
#...##.###.######
#...##..........#
#.......#######.#
##.8............


You could see an ogre and an endoplasm.

Vanquished Creatures
  A howler monkey (D:4)
  An iguana (D:4)
  An adder (D:2)
  A worm (D:2)
  2 dart slugs
  3 orcs (D:3)
  7 bats
  3 endoplasms
  A giant cockroach (D:4)
  9 goblins
  8 hobgoblins
  7 jackals
  3 quokkas
  2 ball pythons
  4 frilled lizards
  5 kobolds
  6 rats
64 creatures vanquished.

Notes
Turn   | Place    | Note
-------+----------+-------------------------------------------
     0 | D:1      | qw the Gargoyle Fighter began the quest for the Orb.
     0 | D:1      | Reached XP level 1. HP: 14/14 MP: 1/1
     0 | D:1      | 0 ||| qw: Version: 0.3-a-39-g4513739
     0 | D:1      | 0 ||| qw: Game counter: 7885
     0 | D:1      | 0 ||| qw: Melee chars always use a shield: true
     0 | D:1      | 0 ||| qw: God list: Okawaru
     0 | D:1      | 0 ||| qw: Allow faded altars: false
     0 | D:1      | 0 ||| qw: Do Orc after clearing Dungeon:15 true
     0 | D:1      | 0 ||| qw: Do second Lair branch before Depths: true
     0 | D:1      | 0 ||| qw: Lair rune preference: random
     0 | D:1      | 0 ||| qw: Goals: Normal, Zot:1-4, Slime:5, God:TSO, Crypt,
                  | Tomb, Abyss, Pan, Hells, Win
     0 | D:1      | 0 ||| PLANNING D:1-11
    31 | D:1      | Reached skill level 2 in Axes
   233 | D:1      | Reached XP level 2. HP: 19/19 MP: 2/2
   268 | D:1      | 268 ||| Stepping ~*~*~tactically~*~*~ (stealth).
   418 | D:1      | 418 ||| DROPPING +0 whip.
   707 | D:1      | 707 ||| READING scroll labelled GEAGOF DIEKH.
   712 | D:1      | 712 ||| READING scroll labelled GILA YNUOXT.
   713 | D:1      | 713 ||| READING scroll labelled VOTEAK JUEREAL.
   714 | D:1      | 714 ||| DRINKING 2 dark potions.
   747 | D:2      | Found Kuq Vuor's Armour Shoppe.
   756 | D:2      | 756 ||| BUYING +0 helmet (58 gold).
   756 | D:2      | Bought a +0 helmet for 58 gold pieces
   756 | D:2      | 756 ||| SHOPLISTING +0 pair of boots of rampaging (149
                  | gold, have 51).
   756 | D:2      | 756 ||| SHOPLISTING +2 pair of gloves of strength (279
                  | gold, have 51).
   842 | D:2      | Reached skill level 3 in Axes
   900 | D:2      | Reached XP level 3. HP: 23/23 MP: 3/3
   988 | D:2      | 988 ||| DROPPING +0 mace.
  1099 | D:2      | Found Ruolouq's Antique Weapon Emporium.
  1208 | D:2      | Found Sookoyno's Weapon Boutique.
  1231 | D:2      | 1231 ||| UPGRADING to +5 ring of evasion.
  1232 | D:2      | 1232 ||| READING 4 scrolls labelled PIULE PUOWAPH.
  1383 | D:2      | Reached XP level 4. HP: 28/28 MP: 4/4
  1516 | D:2      | 1516 ||| Stepping ~*~*~tactically~*~*~ (stealth).
  1518 | D:2      | 1518 ||| Stepping ~*~*~tactically~*~*~ (stealth).
  1681 | D:2      | 1681 ||| READING scroll labelled FIROXT KAEGOL.
  1702 | D:2      | 1702 ||| DRINKING 2 emerald potions.
  1734 | D:2      | 1734 ||| DROPPING 3 scrolls of poison.
  1814 | D:3      | Reached skill level 4 in Axes
  1844 | D:3      | Found a burning altar of Makhleb.
  1861 | D:3      | 1861 ||| Stepping ~*~*~tactically~*~*~ (stealth).
  2067 | D:3      | Found Soisch's Distillery.
  2070 | D:3      | 2070 ||| BUYING 2 potions of might (80 gold).
  2070 | D:3      | Bought 2 potions of might for 80 gold pieces
  2070 | D:3      | 2070 ||| BUYING potion of attraction (30 gold).
  2070 | D:3      | Bought a potion of attraction for 30 gold pieces
  2070 | D:3      | 2070 ||| BUYING potion of attraction (30 gold).
  2070 | D:3      | Bought a potion of attraction for 30 gold pieces
  2070 | D:3      | 2070 ||| SHOPLISTING potion of cancellation (80 gold, have
                  | 34).
  2070 | D:3      | 2070 ||| SHOPLISTING potion of haste (100 gold, have 34).
  2070 | D:3      | 2070 ||| SHOPLISTING potion of magic (80 gold, have 34).
  2070 | D:3      | 2070 ||| SHOPLISTING potion of resistance (100 gold, have
                  | 34).
  2125 | D:3      | 2125 ||| UPGRADING to +0 chain mail.
  2135 | D:3      | 2135 ||| DROPPING +0 scale mail.
  2136 | D:3      | 2136 ||| READING 2 scrolls labelled PECALU ZECIR.
  2137 | D:3      | 2137 ||| READING scroll labelled WAFOSKIRAA.
  2138 | D:3      | 2138 ||| DRINKING 2 fizzy clear potions.
  2139 | D:3      | 2139 ||| DROPPING scroll of fog.
  2197 | D:4      | 2197 ||| Stepping ~*~*~tactically~*~*~ (stealth).
  2212 | D:4      | Found a hide-covered altar of Uskayaw.
  2237 | D:4      | 2237 ||| Stepping ~*~*~tactically~*~*~ (stealth).
  2251 | D:4      | Reached XP level 5. HP: 29/32 MP: 5/5
  2264 | D:4      | Noticed an ogre
  2267 | D:4      | 2267 ||| Stepping ~*~*~tactically~*~*~ (stealth).
  2268 | D:4      | HP: 2/32 [ogre/+0 giant club (30)]
  2269 | D:4      | 2269 ||| DRINKING potion of heal wounds.
  2273 | D:4      | Slain by an ogre

Levels and vault maps discovered:
D:1:      dpeg_arrival_simpleton_b, layout_basic
D:2:      cheibrodos_greedy_goblins, layout_rooms, serial_co_window_serial,
          co_window_corner_a, co_window_cross_1, co_window_corner_a,
          co_window_paths_a, co_window_corner_a, co_window_broadway_b,
          co_window_corner_b, co_window_2corner, co_window_2corner,
          co_window_broadway_a, co_window_broadway_a, glass_columns_a,
          glass_columns_b, serial_shops, nicolae_shop_stone, shop,
          nicolae_shop_hallway_plus, minivault_27
D:3:      layout_rooms, mainiacjoe_overflow_catwalk, serial_shops,
          nicolae_shop_behind_doors, amethyst_killhole,
          hangedman_abyss_or_decor_stabs
D:4:      layout_cave_pods, mainiacjoe_overflow_cross_hatched,
          serial_column_ruins, column_ruins_open_tiny,
          column_ruins_columns_straight, column_ruins_grid_2,
          column_ruins_grid_1, column_ruins_grid_4, kennysheep_diamond,
          minmay_pentomino_pile

Skill      XL: |  1  2  3  4 |
---------------+-------------+-----
Axes           | 2 3 4 |  4.9
Fighting       | |  3.2
Armour         | |  3.2
Shields        | |  3.2

Action                     |  1- 3 |  4- 6 || total
---------------------------+-------+-------++-------
  Melee: War axe           |   114 |    58 ||   172
  Throw: Boomerang         |       |    20 ||    20
    Use: Scroll            |     4 |     3 ||     7
         Potion            |     1 |     3 ||     4
 Armour: Scale mail        |    55 |    10 ||    65
         Chain mail        |       |     3 ||     3
  Dodge: Dodged            |    41 |    47 ||    88
  Block: Buckler           |    22 |    15 ||    37

Table legend:
 A = Non-vault XP
 B = Vault XP
 C = Vault XP percentage of total XP
 D = Non-vault monster count
 E = Vault monster count
 F = Vault count percentage of total count
                 A         B        C        D         E       F
            +---------+---------+-------+---------+---------+-------
      Total |     155 |      61 |  28.2 |      51 |      13 |  20.3
            +---------+---------+-------+---------+---------+-------
        D:1 |      26 |       0 |   0.0 |      15 |       0 |   0.0
        D:2 |      49 |      22 |  31.0 |      21 |      11 |  34.4
        D:3 |      18 |       0 |   0.0 |      10 |       0 |   0.0
        D:4 |      62 |      39 |  38.6 |       5 |       2 |  28.6
            +---------+---------+-------+---------+---------+-------
